 Dungeon Crawl Stone Soup version 0.18.1-6-gd335043 (webtiles) character file.

258 shmeve the Sneak (level 6, -7/84 HPs)
             Began as a Naga Berserker on May 15, 2016.
             Was a Priest of Trog.
             Mangled by a gnoll
             ... wielding a +1 spear of venom
              (8 damage)
             ... on level 3 of the Dungeon.
             The game lasted 00:06:13 (2185 turns).

shmeve the Sneak (Naga Berserker)                   Turns: 2185, Time: 00:06:13

Health: -7/84      AC:  4    Str: 26    XL:     6   Next: 16%
Magic:  6/6        EV: 10    Int:  7    God:    Trog [***...]
Gold:   141        SH:  4    Dex: 11    Spells: 0 memorised, 5 levels left

rFire  . . .     SeeInvis +     a - +0 hand axe
rCold  . . .     Gourm    .     l - +0 ring mail
rNeg   . . .     Faith    .     m - +0 buckler
rPois  +         Spirit   .     (no helmet)
rElec  .         Dismiss  .     (no cloak)
rCorr  +         Reflect  .     (no gloves)
SustAt .         Harm     .     (no barding)
MR     .....                    (no amulet)
Stlth  ..........               j - ring of resist corrosion
                                h - +1 ring of evasion

@: berserking, lethally poisoned (-7 -> -19), quick, not resistant to hostile
enchantments, extremely unstealthy
A: see invisible, deformed body, poison resistance, slowness 2, slow metabolism
1, spit poison 2, AC +2
a: Spit Poison, Berserk, Trog's Hand, Burn Spellbooks, Renounce Religion


You were on level 3 of the Dungeon.
You worshipped Trog.
Trog was most pleased with you.
You were very hungry.

You visited 1 branch of the dungeon, and saw 3 of its levels.

You collected 141 gold pieces.

Inventory:

Hand Weapons
 a - a +0 hand axe (weapon)
Armour
 l - a +0 ring mail (worn)
 m - a +0 buckler (worn)
Jewellery
 b - an uncursed ring of positive energy
 h - a +1 ring of evasion (left hand)
 j - a ring of resist corrosion (right hand)
Wands
 r - a wand of lightning (7/15)
Scrolls
 i - a scroll of identify {unknown}
 k - 2 scrolls of blinking {unknown}
 o - a scroll of noise {unknown}
 p - a scroll of immolation {unknown}
 q - 3 scrolls of enchant armour {unknown}
 t - a scroll of enchant weapon {unknown}
Potions
 e - a potion of cure mutation {unknown}
 g - a potion of curing {unknown}
 n - a potion of flight {unknown}
Comestibles
 c - 4 bread rations
 d - 2 fruits
 f - a meat ration


   Skills:
 - Level 3.6 Fighting
 - Level 3.2 Axes
 - Level 0.6 Throwing
 - Level 1.5 Armour
 - Level 1.8 Dodging
 + Level 4.6 Stealth
 * Level 3.1 Shields


You had 5 spell levels left.
You didn't know any spells.

Dungeon Overview and Level Annotations

Branches:
Dungeon (3/15)

Altars:
Okawaru


Innate Abilities, Weirdness & Mutations

You cannot wear boots.
Your serpentine skin is tough (AC +2).
You have supernaturally acute eyesight.
Armour fits poorly on your strangely shaped body.
Your system is resistant to poisons.
You cover ground very slowly.
You have a slow metabolism.
You can spit poison.


Message History

Unknown command.
You are too injured to fight recklessly!
Unknown command.
You are too injured to fight recklessly!
Unknown command.
You slash the ogre!
You kill the ogre!
Trog accepts your kill.
Your Shields skill increases to level 3!
You have reached level 6!
Your experience leads to an increase in your attributes!
Your base attributes are Str 20, Int 7, Dex 11.
Increase (S)trength, (I)ntelligence, or (D)exterity?
You feel stronger.
Your skin feels tougher.
You closely miss the hobgoblin.
* * * LOW HITPOINT WARNING * * *
You feel sick.
The hobgoblin hits you but does no damage.
The gnoll hits you from afar with a spear of venom!
You die...

..#.#
#........
###.#
.........
#.#
#######.#
#.# #.# #.#
# #.#
###.####.#
#.#
#........#
#.#
#†....####
#.# #.@)..#
#.# #g))..#
#.# .g.....#
#.#
.........#
#.#
...........#
#.#
...........#
#.#
......$....#
#.#
...........#
#.# ##.#


You could see a gnoll and a hobgoblin.

Vanquished Creatures
  An ogre (D:3)
  An orc wizard (D:3)
  3 adders (D:2)
  2 gnolls (D:3)
  A shadow imp (D:3)
  An ooze (D:1)
  2 worms (D:2)
  2 giant geckos
  5 orcs (D:3)
  6 giant cockroaches
  8 goblins
  12 hobgoblins
  4 jackals (D:1)
  7 kobolds
  A quokka (D:2)
  3 ball pythons
  5 bats
  4 giant newts
  5 rats
73 creatures vanquished.

Notes
Turn   | Place    | Note
--------------------------------------------------------------
     0 | D:1      | shmeve the Naga Berserker began the quest for the Orb.
     0 | D:1      | Reached XP level 1. HP: 21/21 MP: 1/1
    93 | D:1      | Reached XP level 2. HP: 12/28 MP: 2/2
   457 | D:1      | Reached XP level 3. HP: 22/34 MP: 3/3
   641 | D:1      | Reached ** piety under Trog
  1079 | D:1      | Reached skill level 1 in Stealth
  1252 | D:2      | Reached skill level 2 in Stealth
  1252 | D:2      | Reached XP level 4. HP: 35/43 MP: 4/4
  1273 | D:2      | Reached skill level 1 in Shields
  1734 | D:2      | Found an iron altar of Okawaru.
  1942 | D:3      | Reached skill level 3 in Stealth
  1942 | D:3      | Reached XP level 5. HP: 40/49 MP: 5/5
  1954 | D:3      | Reached *** piety under Trog
  2176 | D:3      | Noticed an ogre
  2183 | D:3      | Reached skill level 4 in Stealth
  2184 | D:3      | HP: 3/73 [ogre/giant spiked club (21)]
  2185 | D:3      | Killed an ogre
  2185 | D:3      | Reached XP level 6. HP: 3/56 MP: 6/6
  2185 | D:3      | HP: 1/84 [poisoned by a gnoll]
  2185 | D:3      | Mangled by a gnoll

Skill      XL: |  1  2  3  4  5 |
---------------+----------------+-----
Stealth        | 2 3 4 |  4.6
Shields        | 2 3 |  3.1
Fighting       | |  3.6
Axes           | |  3.2
Throwing       | |  0.6
Armour         | |  1.5
Dodging        | |  1.8

Action                   |  1- 3 |  4- 6 || total
-------------------------+-------+-------++-------
Melee: Hand axe          |    80 |    81 ||   161
Invok: Berserk           |     1 |     1 ||     2
 Abil: Spit Poison       |     5 |    22 ||    27
  Use: Scroll            |     2 |       ||     2
  Eat: Chunk             |     2 |     3 ||     5
Armor: Animal skin       |     3 |       ||     3
       Ring mail         |    27 |    26 ||    53
Dodge: Dodged            |    59 |    37 ||    96
Block: Buckler           |     1 |    13 ||    14
